 Dungeon Crawl Stone Soup version 0.31-a0-662-g684573625c (webtiles) character file.

Game seed: 94207321077192882

1675 cforsyth the Charlatan (level 9, 0/66 HPs)
             Began as a Gnoll Artificer on Aug 31, 2023.
             Slain by a human
             ... wielding a +0 flail
              (7 damage)
             ... on level 6 of the Dungeon.
             The game lasted 00:05:21 (6099 turns).

cforsyth the Charlatan (Gnoll Artificer)            Turns: 6099, Time: 00:05:22

Health: 0/66       AC: 17    Str: 11    XL:     9   Next: 1%
Magic:  14/14      EV:  3    Int: 16    God:
Gold:   268        SH:  5    Dex: 12    Spells: 15/15 levels left

rFire   . . .        q - +3 flail
rCold   . . .        D - +0 buckler
rNeg    . . .        i - +0 plate armour
rPois   .            x - +2 helmet
rElec   .            (no cloak)
rCorr   .            j - +0 pair of gloves
SInv    .            (no boots)
Will    .....        (no amulet) Stlth
                     (no ring)
HPRegen 0.31/turn    (no ring)
MPRegen 0.14/turn

%: no passive effects
@: no status effects
A: fangs 1, strong nose, distributed training
a: no special abilities


You were on level 6 of the Dungeon.
You visited 1 branch of the dungeon, and saw 6 of its levels.

You collected 268 gold pieces.

Inventory:

Hand Weapons
 a - a +0 club
 m - a +1 dagger of draining
 q - a +3 flail (weapon)
 y - the +1 whip of Revag {elec, Stlth+}
   (You found it on level 3 of the Dungeon)

   Stlth+:    It makes you more stealthy.
Armour
 b - a +0 leather armour
 i - a +0 plate armour (worn)
 j - a +0 pair of gloves (worn)
 x - a +2 helmet (worn)
 D - a +0 buckler (worn)
Jewellery
 B - an amulet of reflection
 C - a ring of protection from cold
Wands
 c - a wand of flame (3) (quivered)
 d - a wand of charming (14)
 e - a wand of iceblast (3)
 u - a wand of digging (5)
Scrolls
 h - a scroll of amnesia {unknown}
 p - a scroll of noise {unknown}
 r - 4 scrolls of identify {unknown}
 s - a scroll of teleportation {unknown}
 t - 2 scrolls of immolation {unknown}
 E - a scroll of enchant weapon {unknown}
Potions
 f - 2 potions of enlightenment {unknown}
 g - 3 potions of curing {unknown}
 k - 2 potions of brilliance {unknown}
 l - 2 potions of lignification {unknown}
 n - 2 potions of magic {unknown}
 o - 2 potions of heal wounds {unknown}
 v - a potion of attraction {unknown}
 w - a potion of haste {unknown}
 z - a potion of berserk rage {unknown}
 A - a potion of mutation {unknown}
 F - a potion of degeneration {unknown}


   Skills:
 + Level 4.7 Fighting
 + Level 3.8 Short Blades
 + Level 3.8 Long Blades
 + Level 3.8 Axes
 + Level 3.8 Maces & Flails
 + Level 3.8 Polearms
 + Level 3.8 Staves
 + Level 3.8 Ranged Weapons
 + Level 3.8 Throwing
 + Level 6.0 Armour
 + Level 4.7 Dodging
 + Level 4.5 Stealth
 + Level 3.8 Shields
 + Level 3.8 Unarmed Combat
 + Level 3.8 Spellcasting
 + Level 3.1 Conjurations
 + Level 3.1 Hexes
 + Level 3.1 Summonings
 + Level 3.1 Necromancy
 + Level 3.1 Translocations
 + Level 3.1 Transmutations
 + Level 3.1 Fire Magic
 + Level 3.1 Ice Magic
 + Level 3.1 Air Magic
 + Level 3.1 Earth Magic
 + Level 3.1 Poison Magic
 + Level 4.2 Invocations
 + Level 7.6 Evocations
 + Level 3.4 Shapeshifting


You had 15 spell levels left.
You didn't know any spells.
Your spell library contained the following spells:

 Spells                   Type           Power      Damage    Failure   Level
 Cigotuvi's Dreadful Rot  Necr/Pois/Air  26%        N/A       100%        2
 Ignite Poison            Fire/Tmut/Pois 13%        N/A       100%        3
 Summon Guardian Golem    Hex/Summ       13%        N/A       100%        3
 Freezing Cloud           Conj/Ice/Air   6%         6-21      100%        5
 Malign Gateway           Summ/Tloc      6%         N/A       100%        7
 Orb of Destruction       Conj           6%         9d6       100%        7
 Spellforged Servitor     Conj/Summ      6%         N/A       100%        7
 Summon Horrible Things   Summ           6%         N/A       100%        8


Dungeon Overview and Level Annotations

Branches:
Dungeon (6/15)
 Temple: D:4-7

Altars:
Dithmenos
Gozag
Trog

Shops:
D:3 [


Innate Abilities, Weirdness & Mutations

You have very sharp teeth.
Your uncanny sense of smell can sniff out nearby items.
Your experience applies equally to all skills.


Message History

The human is severely wounded.
The human hits you but does no damage.
You hit the human but do no damage.
The human is severely wounded.
The human hits you with a +0 flail.
You barely miss the human.
The human is severely wounded.
The human hits you with a +0 flail. x2
You are too injured to fight recklessly!
You are too injured to fight recklessly!
You are too injured to fight recklessly!
You are too injured to fight recklessly!
You are too injured to fight recklessly!
You are too injured to fight recklessly!
You are too injured to fight recklessly!
You are too injured to fight recklessly!
You are too injured to fight recklessly!
You are too injured to fight recklessly!
You hit the human. Your bite misses the human.
The human is almost dead.
The human hits you with a +0 flail.
You hit the human but do no damage.
The human is almost dead.
The human hits you with a +0 flail.
You closely miss the human.
The human is almost dead.
The human hits you with a +0 flail.
* * * LOW HITPOINT WARNING * * *
The human hits you with a +0 flail!
* * * LOW HITPOINT WARNING * * *
You closely miss the human.
The human is almost dead.
You block the human's attack.
You barely miss the human.
The human is almost dead.
The human hits you but does no damage.
You closely miss the human.
The human is almost dead.
The human hits you with a +0 flail!
You die...

#############
#...........#
########.#.........#
..†......#.........#
.............###@#..#
########.....#)p?# .#
##....##### ..
#.......... ## #
###.#######.# #
#.......# ∆# .#
#.#.###)###. .#
#.#.###.... .#
#.....#..#


You could see a human.

Vanquished Creatures
  Grinder (D:6)
  A human (D:6)
  2 water moccasins (D:6)
  A black bear (D:5)
  An ogre (D:5)
  3 phantoms
  A bullfrog (D:6)
  A gnoll sergeant (D:4)
  Blork the orc (D:4)
  2 scorpions (D:5)
  A jelly (D:6)
  An orc priest (D:5)
  2 iguanas
  A sleepcap (D:6)
  An orc wizard (D:5)
  4 gnolls
  9 adders
  An ufetubus (D:5)
  2 worms
  2 dart slugs
  10 orcs
  4 ball pythons
  2 endoplasms (D:1)
  3 giant cockroaches
  8 goblins
  A hobgoblin (D:3)
  3 quokkas
  3 bats
  5 frilled lizards
  2 kobolds
  3 rats (D:2)
82 creatures vanquished.

Vanquished Creatures (others)
  A human (D:6)
1 creature vanquished.

Grand Total: 83 creatures vanquished

Notes
Turn   | Place    | Note
-------+----------+-------------------------------------------
     0 | D:1      | cforsyth the Gnoll Artificer began the quest for the Orb.
     0 | D:1      | Reached XP level 1. HP: 17/17 MP: 1/1
   327 | D:1      | Reached XP level 2. HP: 20/23 MP: 2/2
  1061 | D:2      | Reached XP level 3. HP: 23/28 MP: 2/4
  1127 | D:2      | Reached skill level 1 in Invocations
  1641 | D:3      | Found Hotaisok's Armour Emporium.
  1727 | D:3      | Reached skill level 1 in Short Blades
  1727 | D:3      | Reached skill level 1 in Long Blades
  1727 | D:3      | Reached skill level 1 in Axes
  1727 | D:3      | Reached skill level 1 in Maces & Flails
  1727 | D:3      | Reached skill level 1 in Polearms
  1727 | D:3      | Reached skill level 1 in Staves
  1727 | D:3      | Reached skill level 1 in Ranged Weapons
  1727 | D:3      | Reached skill level 1 in Throwing
  1727 | D:3      | Reached skill level 1 in Shields
  1727 | D:3      | Reached skill level 1 in Unarmed Combat
  1727 | D:3      | Reached skill level 1 in Spellcasting
  1770 | D:3      | Reached XP level 4. HP: 34/34 MP: 5/5
  1827 | D:3      | Identified the +1 whip of Revag {elec, Stlth+}
  1870 | D:3      | Reached skill level 1 in Shapeshifting
  2305 | D:4      | Reached skill level 1 in Conjurations
  2305 | D:4      | Reached skill level 1 in Hexes
  2305 | D:4      | Reached skill level 1 in Summonings
  2305 | D:4      | Reached skill level 1 in Necromancy
  2305 | D:4      | Reached skill level 1 in Translocations
  2305 | D:4      | Reached skill level 1 in Transmutations
  2305 | D:4      | Reached skill level 1 in Fire Magic
  2305 | D:4      | Reached skill level 1 in Ice Magic
  2305 | D:4      | Reached skill level 1 in Air Magic
  2305 | D:4      | Reached skill level 1 in Earth Magic
  2305 | D:4      | Reached skill level 1 in Poison Magic
  2541 | D:4      | Noticed a phantom
  2561 | D:4      | Killed a phantom
  2562 | D:4      | Reached XP level 5. HP: 29/41 MP: 5/7
  2791 | D:5      | Entered Level 5 of the Dungeon
  2797 | D:5      | Noticed a phantom
  3178 | D:5      | Noticed Blork the orc
  3185 | D:4      | Killed Blork the orc
  3186 | D:4      | Reached XP level 6. HP: 37/47 MP: 8/8
  3332 | D:5      | Reached skill level 5 in Armour
  3363 | D:5      | Noticed a black bear
  3571 | D:5      | Killed a black bear
  3672 | D:5      | Reached skill level 7 in Evocations
  3672 | D:5      | Reached XP level 7. HP: 52/52 MP: 10/10
  4448 | D:5      | Reached XP level 8. HP: 53/60 MP: 12/12
  4902 | D:5      | Found a bloodstained altar of Trog.
  4935 | D:5      | Found a shadowy altar of Dithmenos.
  5751 | D:6      | Noticed Grinder
  5759 | D:6      | Killed Grinder
  5905 | D:6      | Found an opulent altar of Gozag.
  5955 | D:6      | Reached XP level 9. HP: 47/66 MP: 14/14
  6099 | D:6      | Slain by a human

Illustrated notes

Levels and vault maps discovered:
D:1:      minmay_arrival_doors, layout_basic
D:2:      layout_loops_ring
D:3:      layout_rooms, serial_shops, shop
D:4:      layout_basic
D:5:      layout_layer_cave, mainiacjoe_overflow_two_lobes, uniq_blork_the_orc
D:6:      layout_loops_ring, nicolae_gozag_cash_rules_everything_around_me,
          tso_altar, nemelex_spade_bored_becter, minmay_ruffians, uniq_grinder

Skill      XL: |  1  2  3  4  5  6  7  8 |
---------------+-------------------------+-----
Invocations    | 1 2 3 4 |  4.2
Short Blades   | 1 2 3 |  3.8
Long Blades    | 1 2 3 |  3.8
Axes           | 1 2 3 |  3.8
Maces & Flails | 1 2 3 |  3.8
Polearms       | 1 2 3 |  3.8
Staves         | 1 2 3 |  3.8
Ranged Weapons | 1 2 3 |  3.8
Throwing       | 1 2 3 |  3.8
Shields        | 1 2 3 |  3.8
Unarmed Combat | 1 2 3 |  3.8
Spellcasting   | 1 2 3 |  3.8
Shapeshifting  | 1 2 3 |  3.4
Conjurations   | 1 2 3 |  3.1
Hexes          | 1 2 3 |  3.1
Summonings     | 1 2 3 |  3.1
Necromancy     | 1 2 3 |  3.1
Translocations | 1 2 3 |  3.1
Transmutations | 1 2 3 |  3.1
Fire Magic     | 1 2 3 |  3.1
Ice Magic      | 1 2 3 |  3.1
Air Magic      | 1 2 3 |  3.1
Earth Magic    | 1 2 3 |  3.1
Poison Magic   | 1 2 3 |  3.1
Fighting       | 3 4 |  4.7
Dodging        | 3 4 |  4.7
Stealth        | 3 4 |  4.5
Armour         | 5 6 |  6.0
Evocations     | 7 |  7.6

Action                     |  1- 3 |  4- 6 |  7- 9 || total
---------------------------+-------+-------+-------++-------
  Melee: Club              |    40 |       |       ||    40
         Bite              |     9 |     9 |    23 ||    41
         Dagger            |    17 |       |       ||    17
         Flail             |    50 |    98 |   221 ||   369
         Punch             |       |     1 |       ||     1
  Evoke: Wand              |       |     5 |    10 ||    15
   Stab: Sleeping          |     1 |       |       ||     1
 Armour: Plate armour      |   100 |   174 |   328 ||   602
         Leather armour    |     6 |       |       ||     6
  Dodge: Dodged            |    23 |    17 |    48 ||    88
  Block: Buckler           |       |     9 |    53 ||    62

Table legend: (Time is in decaauts)
 A = Elapsed time spent in this place.
 B = Non-inter-level travel time spent in this place.
 C = Inter-level travel time spent in this place.
 D = Time resting spent in this place.
 E = Time spent auto-exploring this place.
 F = Levels seen in this place.
 G = Mean time per level.
                   A        B        C        D        E       F      G
               +--------+--------+--------+--------+--------+-----+--------+
         Total |   6232 |   6037 |    195 |   1352 |   3550 |   6 | 1038.7 |
       Dungeon |   6232 |   6037 |    195 |   1352 |   3550 |   6 | 1038.7 |
               +--------+--------+--------+--------+--------+-----+--------+

Top non-repeatable levels by time:
     D:4: 1850 daAuts
     D:5: 1487 daAuts
     D:1: 970 daAuts
     D:6: 702 daAuts
     D:2: 672 daAuts
     D:3: 549 daAuts
